 Dungeon Crawl Stone Soup version 0.27.1 (webtiles) character file.

Game seed: 9493485304219094274

74 TinyDot the Ducker (level 4, -5/32 HPs)
             Began as a Merfolk Transmuter on Aug 23, 2021.
             Succumbed to a scorpion's poison
             ... on level 4 of the Dungeon.
             The game lasted 00:17:25 (1607 turns).

TinyDot the Ducker (Merfolk Transmuter)             Turns: 1607, Time: 00:17:25

Health: -5/32      AC:  6    Str: 10      XL:     4   Next: 28%
Magic:  5/7        EV:  9    Int: 13      God:
Gold:   87         SH:  0    Dex: 13 (14) Spells: 1/7 levels left

rFire    . . .     SeeInvis .   f - +0 falchion
rCold    . . .     Faith    .   (no shield)
rNeg     . . .     Spirit   .   c - +0 scale mail
rPois    .         Reflect  .   (helmet currently unavailable)
rElec    .         Harm     .   (no cloak)
rCorr    .         Rampage  .   (no gloves)
Will     .....                  (boots currently unavailable)
Stlth    ..........             (no amulet)
HPRegen  0.10/turn              (no ring)
MPRegen  0.10/turn              (no ring)

@: lethally poisoned (-5 -> -27), appendages (expiring), very slightly
contaminated
A: horns 2, (nimble swimmer 2), mertail
a: End Transformation


You were on level 4 of the Dungeon.
You had temporarily grown beastly horns.
You visited 1 branch of the dungeon, and saw 3 of its levels.

You collected 87 gold pieces.

Inventory:

Hand Weapons
 b - a +0 dagger
 e - a +0 dagger
 f - a +0 falchion (weapon)
 i - a +0 club
 j - a +0 dagger
Missiles
 d - 17 arrows
Armour
 a - a +0 robe
 c - a +0 scale mail (worn)
 m - a +0 ring mail
Scrolls
 g - 3 scrolls of identify {unknown}
 k - a scroll of vulnerability {unknown}
Potions
 h - a potion of flight {unknown}
 l - a potion of haste {unknown}


   Skills:
 + Level 1.6 Fighting
 + Level 0.4(1.1) Short Blades
 + Level 1.4(1.5) Long Blades
 + Level 0.7 Armour
 + Level 3.7 Dodging
 + Level 3.6 Unarmed Combat
 + Level 2.2 Spellcasting
 + Level 3.2 Transmutations


You had one spell level left.
You knew the following spells:

 Your Spells              Type           Power      Damage    Failure   Level
a - Beastly Appendage     Tmut           18%        N/A       43%         1
b - Wereblood             Tmut           9%         N/A       56%         2
c - Spider Form           Tmut/Pois      2%         N/A       95%         3

Your spell library contained the following spells:

 Spells                   Type           Power      Damage    Failure   Level
 Magic Dart               Conj           4%         1d3       87%         1
 Call Imp                 Summ           1%         N/A       95%         2
 Mephitic Cloud           Conj/Pois/Air  1%         N/A       99%         3
 Ice Form                 Ice/Tmut       5%         N/A       100%        4
 Summon Forest            Summ/Tloc      0%         N/A       100%        5
 Summon Mana Viper        Hex/Summ       1%         N/A       100%        5
 Shadow Creatures         Summ           N/A        N/A       100%        6


Dungeon Overview and Level Annotations

Branches:
Dungeon (2/15)

Altars:
Beogh

Shops:
D:2 [


Innate Abilities, Weirdness & Mutations

You have temporarily grown beastly horns.
((You are quick and stealthy near water. (Stealth+, EV+, Speed+++)))
Your lower body shifts to a powerful aquatic tail in water.


Message History

Casting: Beastly Appendage (safe; 43% risk of failure)
Confirm with . or Enter, or press ? or * to list all spells.
You miscast Beastly Appendage.
You are very lightly contaminated with residual magic.
Nothing appears to happen.
Casting: Beastly Appendage (safe; 43% risk of failure)
Confirm with . or Enter, or press ? or * to list all spells.
You grow a pair of large bovine horns.
The scorpion stings you.
You are poisoned.
The scorpion poisons you! The adder closely misses you.
The scorpion barely misses you.
You riposte.
You barely miss the scorpion. You hit the scorpion.
The scorpion is lightly wounded.
You feel very sick. The adder closely misses you. The scorpion stings you.
You hit the scorpion.
The scorpion is moderately wounded.
You feel sick. The adder barely misses you.
You riposte.
You hit the adder.
The adder is heavily wounded.
The scorpion stings you.
You are more poisoned.
The scorpion poisons you! The adder bites you.
You hit the scorpion. You headbutt the scorpion.
The scorpion is moderately wounded.
You feel very sick.
The scorpion stings you but does no damage.
The adder bites you but does no damage. The scorpion barely misses you.
You hit the scorpion.
The scorpion is heavily wounded.
Your transformation is almost over.
You feel very sick. The adder bites you.
* * * LOW HITPOINT WARNING * * *
The scorpion stings you!
* * * LOW HITPOINT WARNING * * *
You are more poisoned.
The scorpion poisons you! The adder bites you but does no damage.
You barely miss the scorpion. You headbutt the scorpion.
The scorpion is severely wounded.
You die...

..........#..##
. #... ........
...#... ......##
.......##......#
#.......# ##
#.......#...
#...........
#.##........ ...
#@s.#...#
#....#..S## ...
............ ..
...##...#..... .
... ##.. .......
#.. ?...... ##.
....... ..
.......


You could see a scorpion and an adder.

Vanquished Creatures
  3 adders (D:2)
  2 dart slugs
  5 ball pythons
  6 giant cockroaches
  4 goblins
  6 hobgoblins
  2 quokkas
  3 bats
  7 frilled lizards
  2 kobolds (D:2)
  5 rats (D:1)
45 creatures vanquished.

Notes
Turn   | Place    | Note
-------+----------+-------------------------------------------
     0 | D:1      | TinyDot the Merfolk Transmuter began the quest for the Orb.
     0 | D:1      | Reached XP level 1. HP: 15/15 MP: 3/3
   107 | D:1      | Reached XP level 2. HP: 5/21 MP: 5/5
   511 | D:1      | Found a faded altar of an unknown god.
   730 | D:1      | Learned a level 2 spell: Wereblood
   874 | D:1      | Reached XP level 3. HP: 18/26 MP: 6/6
   880 | D:1      | Learned a level 3 spell: Spider Form
  1288 | D:2      | Reached skill level 1 in Long Blades
  1288 | D:2      | Reached XP level 4. HP: 21/32 MP: 7/7
  1498 | D:2      | Found Femelo's Antique Armour Shoppe.
  1593 | D:2      | You fall into a shaft and drop 2 floors!
  1598 | D:4      | Noticed a scorpion
  1606 | D:4      | HP: 1/32 [scorpion (8)]
  1607 | D:4      | Succumbed to a scorpion's poison

Illustrated notes

Levels and vault maps discovered:
D:1:      lightli_arrival_isolated_outpost, layout_rooms,
          hellmonk_ecumenical_altar_defaced_shrine, serial_glass,
          glass_columns_c, glass_columns_a, glass_columns_b, glass_columns_a,
          glass_columns_a, glass_columns_b
D:2:      layout_loops_ring, serial_shops, nicolae_shop_window_shopping
D:4:      layout_cave_pools, grunt_temple_overflow_order_and_chaos_2,
          pdpol_wu_jian_five_deadly_venoms, minmay_manual_monstrance

Skill      XL: |  1  2  3 |
---------------+----------+-----
Dodging        | 3 |  3.7
Transmutations | 3 |  3.2
Long Blades    | 1 |  1.4
Fighting       | |  1.6
Short Blades   | |  0.4
Armour         | |  0.7
Unarmed Combat | |  3.6
Spellcasting   | |  2.2

Action                   |  1- 3 |  4- 6 || total
-------------------------+-------+-------++-------
Melee: Dagger            |    39 |       ||    39
       Unarmed           |     3 |       ||     3
       Headbutt          |     9 |     3 ||    12
       Falchion          |    77 |    33 ||   110
       Punch             |     1 |     1 ||     2
 Cast: Beastly Appendage |    12 |     5 ||    17
  Use: Potion            |     1 |       ||     1
Armor: Robe              |     2 |       ||     2
       Scale mail        |    89 |    30 ||   119
Dodge: Dodged            |   103 |    37 ||   140
       Rpst.: Falchion   |    28 |    11 ||    39
